 Dungeon Crawl Stone Soup version 0.31-a0-1620-gcbf77bbcfc (webtiles) character file.

Game seed: 13294089281972399833

116 Dittersdorf the Covered (level 5, 0/33 HPs)
             Began as a Gargoyle Fighter on Jan 11, 2024.
             Slain by a goblin
             ... wielding a +0 dagger
             ... led by Robin
              (5 damage)
             ... on level 3 of the Dungeon.
             The game lasted 00:01:17 (1321 turns).

Dittersdorf the Covered (Gargoyle Fighter)          Turns: 1321, Time: 00:01:17

Health: 0/33       AC: 10    Str: 21    XL:     5   Next: 1%
Magic:  5/5        EV: 10    Int:  9    God:
Gold:   78         SH:  4    Dex:  9    Spells: 4/4 levels left

rFire   + . .        a - +0 flail
rCold   . . .        c - +0 buckler
rNeg    + . .        j - +1 ring mail {rF+}
rPois   ∞            (no helmet)
rElec   +            (no cloak)
rCorr   .            (no gloves)
SInv    .            (no boots)
Will    .....        (no amulet) Stlth
                     (no ring)
HPRegen 0.25/turn    (no ring)
MPRegen 0.09/turn

%: no passive effects
@: no status effects
A: sickness immunity, AC +4, negative energy resistance 1, electricity
resistance, torment resistance 1, petrification resistance
a: no special abilities


You were on level 3 of the Dungeon.
You visited 1 branch of the dungeon, and saw 3 of its levels.

You collected 78 gold pieces.

Inventory:

Hand Weapons
 a - a +0 flail (weapon)
Armour
 c - a +0 buckler (worn)
 j - a +1 ring mail of fire resistance (worn)
Scrolls
 b - a scroll of enchant armour {unknown}
 f - a scroll of amnesia {unknown}
 h - a scroll of poison {unknown}
 i - 6 scrolls of identify {unknown}
 k - a scroll of silence {unknown}
 l - a scroll of fog {unknown}
 m - a scroll of fear {unknown}
 o - a scroll of immolation {unknown}
Potions
 d - a potion of might
 e - a potion of mutation {unknown}
 g - 3 potions of ambrosia {unknown}
 n - a potion of attraction {unknown}


   Skills:
 + Level 4.1 Fighting
 + Level 2.9 Maces & Flails
 + Level 4.2 Armour
 + Level 4.1 Shields


You had 4 spell levels left.
You didn't know any spells.
Your spell library contained the following spells:

 Spells                   Type           Power      Damage    Failure   Level
 Call Imp                 Summ           0%         N/A       77%         2
 Ensorcelled Hibernation  Hex/Ice        0%         N/A       77%         2
 Passwall                 Erth           0%         N/A       94%         3
 Swiftness                Air            0%         N/A       94%         3
 Summon Hydra             Summ           0%         N/A       100%        7
 Sublimation of Blood     Necr           Unusable   N/A       N/A         2

Dungeon Overview and Level Annotations

Branches:
Dungeon (3/15)

Altars:


Innate Abilities, Weirdness & Mutations

You are immune to sickness and miasma.
Your stone body is resilient. (AC +4)
You are immune to poison.
You resist negative energy. (rN+)
You are resistant to electric shocks. (rElec)
You are resistant to unholy torment.
You are immune to petrification.


Message History

You are too injured to fight recklessly!
You are too injured to fight recklessly!
You are too injured to fight recklessly!
You are too injured to fight recklessly!
You are too injured to fight recklessly!
You are too injured to fight recklessly!
You are too injured to fight recklessly!
You are too injured to fight recklessly!
You are too injured to fight recklessly!
You are too injured to fight recklessly!
You sock the hobgoblin!
You kill the hobgoblin!
The goblin no longer looks unusually strong.
You block the goblin's attack.
The hobgoblin hits you but does no damage.
The hobgoblin closely misses you. The hobgoblin barely misses you.
The goblin unwields a +0 sling.
The goblin wields a +0 dagger.
The goblin hits you but does no damage.
You have reached level 5!
You barely miss the goblin. The hobgoblin hits you.
The goblin hits you but does no damage. x2; The hobgoblin hits you. x2
* * * LOW HITPOINT WARNING * * *
The goblin hits you but does no damage.
You sock the goblin!
You kill the goblin!
The goblin no longer looks unusually strong.
The hobgoblin hits you but does no damage.
You block the goblin's attack. The hobgoblin hits you.
* * * LOW HITPOINT WARNING * * *
The hobgoblin hits you but does no damage.
You thump the goblin!
You kill the goblin!
You block the hobgoblin's attack.
The goblin hits you but does no damage. x2
The hobgoblin closely misses you.
The hobgoblin hits you but does no damage.
The hobgoblin hits you.
* * * LOW HITPOINT WARNING * * *
The hobgoblin misses you. The goblin hits you but does no damage.
You block the hobgoblin's attack. The goblin hits you with a +0 dagger.
You die...

#. ### .## ... #.. ...
$.# #.# ..# #.# # #.#
#.# #.# .# #.# #.#
#.####..# #.#
#.###..<....#
########.###.#.ggg....#
...............)@g#
...##.##.##.)#.#g##
...##.##.##†.#....#
......##.##..#.###.#
......#.......## #.#
......#..###..# .#
.......... ...# #
......#.######.
....###.# #.


You could see 3 hobgoblins and 2 goblins.

Vanquished Creatures
  A bombardier beetle (D:3)
  Robin (D:3)
  2 adders (D:2)
  4 dart slugs
  A bat (D:1)
  5 endoplasms
  2 giant cockroaches
  5 goblins
  6 hobgoblins
  2 jackals (D:2)
  2 quokkas
  2 ball pythons
  9 frilled lizards (D:2)
  6 kobolds
  3 rats (D:2)
51 creatures vanquished.

Notes
Turn   | Place    | Note
-------+----------+-------------------------------------------
     0 | D:1      | Dittersdorf the Gargoyle Fighter began the quest for the
                  | Orb.
     0 | D:1      | Reached XP level 1. HP: 14/14 MP: 1/1
   373 | D:1      | Reached XP level 2. HP: 18/19 MP: 2/2
   705 | D:2      | Reached XP level 3. HP: 22/23 MP: 3/3
  1004 | D:2      | Reached XP level 4. HP: 27/29 MP: 4/4
  1302 | D:3      | Noticed Robin
  1314 | D:3      | Killed Robin
  1319 | D:3      | Reached XP level 5. HP: 13/33 MP: 5/5
  1321 | D:3      | Slain by a goblin

Illustrated notes

Levels and vault maps discovered:
D:1:      dpeg_arrival_concentric_ovals, layout_loops_ring
D:2:      minmay_wonky_spiral, layout_basic, chequers_avenue, minmay_lizard_pond
D:3:      layout_loops_ring, serial_shops, shop, shop, uniq_robin, uniq_grinder

Skill      XL: |  1  2  3  4 |
---------------+-------------+-----
Fighting       | 4 |  4.1
Armour         | 4 |  4.2
Shields        | 4 |  4.1
Maces & Flails | |  2.9

Action                     |  1- 3 |  4- 6 || total
---------------------------+-------+-------++-------
  Melee: Flail             |   107 |    34 ||   141
 Armour: Scale mail        |     6 |       ||     6
         Ring mail         |    65 |    62 ||   127
  Dodge: Dodged            |    65 |    38 ||   103
  Block: Buckler           |    21 |    17 ||    38

Table legend: (Time is in decaauts)
 A = Elapsed time spent in this place.
 B = Non-inter-level travel time spent in this place.
 C = Inter-level travel time spent in this place.
 D = Time resting spent in this place.
 E = Time spent auto-exploring this place.
 F = Levels seen in this place.
 G = Mean time per level.
                   A        B        C        D        E       F      G
               +--------+--------+--------+--------+--------+-----+--------+
         Total |   1365 |   1313 |     52 |     12 |    991 |   3 |  455.0 |
       Dungeon |   1365 |   1313 |     52 |     12 |    991 |   3 |  455.0 |
               +--------+--------+--------+--------+--------+-----+--------+

Top non-repeatable levels by time:
     D:1: 667 daAuts
     D:2: 636 daAuts
     D:3: 61 daAuts
